 Dungeon Crawl Stone Soup version 0.27-a0-869-g165b36e3f0 (webtiles) character file.

Game seed: 6700559494372114122

18 porpoise the Conjurer (level 2, -4/15 HPs)
             Began as a Deep Elf Conjurer on Apr 2, 2021.
             Slain by an ice beast (11 damage)
             ... on level 2 of the Dungeon.
             The game lasted 00:02:16 (677 turns).

porpoise the Conjurer (Deep Elf Conjurer)            Turns: 677, Time: 00:02:17

Health: -4/15      AC:  3    Str:  4    XL:     2   Next: 48%
Magic:  3/8        EV: 27    Int: 22    God:
Gold:   56         SH:  0    Dex: 13    Spells: 5/8 levels left

rFire    . . .     SeeInvis .   a - +1 dagger (venom)
rCold    . . .     Faith    .   (no shield)
rNeg     . . .     Spirit   .   e - +0 robe
rPois    .         Reflect  .   (no helmet)
rElec    .         Harm     .   d - +0 cloak
rCorr    .         Rampage  .   (no gloves)
Will     .....                  (no boots)
Stlth    ++........             i - amulet of the acrobat
HPRegen  0.05/turn              (no ring)
MPRegen  0.11/turn              (no ring)

@: acrobatic
A: no striking features
a: no special abilities


You were on level 2 of the Dungeon.
You visited 1 branch of the dungeon, and saw 2 of its levels.

You collected 56 gold pieces.

Inventory:

Hand Weapons
 a - a +1 dagger of venom (weapon)
Missiles
 l - 16 sling bullets
Armour
 b - a +0 buckler
 d - a +0 cloak (worn)
 e - a +0 robe (worn)
Jewellery
 i - an amulet of the acrobat (around neck)
Wands
 j - a wand of iceblast (7)
Scrolls
 f - a scroll of enchant armour {unknown}
 g - 2 scrolls of identify {unknown}
 k - a scroll of teleportation {unknown}
Potions
 c - a potion of curing {unknown}
 h - a potion of flight {unknown}


   Skills:
 - Level 2.4 Dodging
 - Level 2.4 Stealth
 + Level 3.7 Spellcasting
 + Level 4.8 Conjurations


You had 5 spell levels left.
You knew the following spells:

 Your Spells              Type           Power      Damage    Failure   Level
a - Magic Dart            Conj           100%       1d8       1%          1
b - Searing Ray           Conj           50%        3d5       2%          2

Your spell library contained the following spells:

 Spells                   Type           Power      Damage    Failure   Level
 Dazzling Flash           Conj/Hex       28%        N/A       13%         3
 Fulminant Prism          Conj/Hex       7%         3d7       38%         4
 Iskenderun's Mystic Bla  Conj/Tloc      14%        2d5       38%         4


Dungeon Overview and Level Annotations

Branches:
Dungeon (2/15)

Altars:


Message History

Confirm with . or Enter, or press ? or * to list all spells.
Aiming: Searing Ray (safe; 2% risk of failure)
Press: ? - help, Shift-Dir - straight line, f - worm
Aim: a worm (7% to evade)
The searing ray hits the worm!
The worm is severely wounded. (Press . to maintain the ray.)
The searing ray hits the worm!
You kill the worm!
You start resting.
Magic restored.
Found an escape hatch in the floor.
k - a scroll labelled NUOH BUFUNENUM
Found an escape hatch in the ceiling.
l - 16 sling bullets You see here a +0 dagger.
A giant cockroach comes into view.
An ice beast comes into view.
Found 11 gold pieces.
Casting: Searing Ray (safe; 2% risk of failure)
Confirm with . or Enter, or press ? or * to list all spells.
Aiming: Searing Ray (safe; 2% risk of failure)
Press: ? - help, Shift-Dir - straight line, f - ice beast
Aim: an ice beast (21% to evade)
The searing ray misses the ice beast. (Press . to maintain the ray.)
The ice beast hits you. The ice beast freezes you.
Unknown command.
The searing ray hits the ice beast!
The ice beast is moderately wounded.
The ice beast completely misses you.
The searing ray hits the ice beast!
The ice beast is heavily wounded.
The ice beast barely misses you.
The searing ray hits the ice beast!
The ice beast is almost dead.
You finish channeling your searing ray.
The ice beast hits you. The ice beast freezes you!
Ouch! That really hurt!
You die...

### ..# #.#
##############Y#######
#.............@.......
#.###########.........
###.########
#..#..####
#.......^.$. ......#
#.#.######## ##..##.#
..#.# ### #B.# .#
..#.# .. ...# . ..#.#
.# ##.. .$
..#.####.###### ##


You could see an ice beast and a giant cockroach (asleep).

Vanquished Creatures
  A worm (D:2)
  3 endoplasms (D:1)
  A goblin (D:1)
  2 jackals (D:1)
  A ball python (D:1)
  4 bats (D:1)
  2 frilled lizards (D:1)
  A kobold (D:1)
  A rat (D:1)
16 creatures vanquished.

Notes
Turn   | Place    | Note
-------+----------+-------------------------------------------
     0 | D:1      | porpoise the Deep Elf Conjurer began the quest for the Orb.
     0 | D:1      | Reached XP level 1. HP: 10/10 MP: 6/6
   261 | D:1      | Reached XP level 2. HP: 15/15 MP: 5/8
   291 | D:1      | Learned a level 2 spell: Searing Ray
   672 | D:2      | Noticed an ice beast
   677 | D:2      | Slain by an ice beast

Illustrated notes

Levels and vault maps discovered:
D:1:      scummos_arrival_checkerplants, layout_rooms
D:2:      layout_loops_ring, basic_altar, roderic_filled_cross

Action                   || total
-------------------------++-------
 Cast: Magic Dart        ||    23
       Searing Ray       ||     2
Dodge: Dodged            ||     2

Table legend: (Time is in decaauts)
 A = Elapsed time spent in this place.
 B = Non-inter-level travel time spent in this place.
 C = Inter-level travel time spent in this place.
 D = Time resting spent in this place.
 E = Time spent auto-exploring this place.
 F = Levels seen in this place.
 G = Mean time per level.
                   A        B        C        D        E       F      G
               +--------+--------+--------+--------+--------+-----+--------+
         Total |    676 |    655 |     21 |    195 |    348 |   2 |  338.0 |
       Dungeon |    676 |    655 |     21 |    195 |    348 |   2 |  338.0 |
               +--------+--------+--------+--------+--------+-----+--------+

Top non-repeatable levels by time:
     D:1: 584 daAuts
     D:2: 91 daAuts
